 Dungeon Crawl Stone Soup version 0.28-a0-773-g130ae17fe5 (webtiles) character file.

Game seed: 11065265308733733174

207 ytrimaz the Ducker (level 5, -6/41 HPs)
             Began as a Demonspawn Gladiator on Nov 1, 2021.
             Killed by divine providence
             ... invoked by an orc priest
              (12 damage)
             ... on level 3 of the Dungeon.
             The game lasted 00:03:33 (3588 turns).

ytrimaz the Ducker (Demonspawn Gladiator)           Turns: 3588, Time: 00:03:33

Health: -6/41      AC:  5    Str: 15    XL:     5   Next: 54%
Magic:  5/5        EV: 13    Int: 10    God:
Gold:   82         SH:  0    Dex: 14    Spells: 4/4 levels left

rFire   + . .      SeeInvis .   j - +2 whip (venom)
rCold   . . .      Faith    .   (no shield)
rNeg    . . .      Spirit   .   b - +0 leather armour
rPois   +          Reflect  .   (helmet restricted)
rElec   .          Harm     .   (no cloak)
rCorr   .          Rampage  .   (no gloves)
Will    .....                   (no boots)
Stlth   +.........              (no amulet)
HPRegen 0.13/turn               e - ring of poison resistance
MPRegen 0.09/turn               i - ring of protection from fire

@: no status effects
A: horns 2, molten scales 1
a: no special abilities


You were on level 3 of the Dungeon.
You visited 1 branch of the dungeon, and saw 3 of its levels.

You collected 82 gold pieces.

Inventory:

Hand Weapons
 a - a +0 rapier
 j - a +2 whip of venom (weapon)
Missiles
 d - 3 throwing nets (quivered)
Armour
 b - a +0 leather armour (worn)
Jewellery
 e - a ring of poison resistance (left hand)
 i - a ring of protection from fire (right hand)
 k - a ring of fire
Scrolls
 c - 2 scrolls of identify {unknown}
 l - a scroll of teleportation {unknown}
 m - 2 scrolls of noise {unknown}
Potions
 f - 2 potions of flight {unknown}
 g - a potion of magic {unknown}
 h - a potion of heal wounds {unknown}
 n - a potion of resistance {unknown}


   Skills:
 * Level 3.3 Fighting
 - Level 2.6 Short Blades
 - Level 1.7 Throwing
 * Level 3.3 Armour
 + Level 3.7 Dodging


You had 4 spell levels left.
You didn't know any spells.
Your spell library was empty.

Dungeon Overview and Level Annotations

Branches:
Dungeon (3/15)

Altars:


Innate Abilities, Weirdness & Mutations

You have a pair of horns on your head.
You are partially covered in molten scales. (AC +2)


Message History

Unknown command.
You hear a shout!
The orc closely misses you.
You hit the orc but do no damage.
The orc is poisoned.
The orc hits you with a +0 whip.
You hit the orc.
The orc looks as sick as possible!
You headbutt the orc, but do no damage.
The orc is severely wounded.
The orc closely misses you.
You closely miss the orc.
The orc is almost dead.
You kill the orc!
An orc priest comes into view. It is wielding a +0 short sword.
The orc misses you.
You hit the orc.
The orc is lightly wounded.
The orc priest casts a cantrip, but nothing happens.
The orc misses you.
You whack the orc!
You kill the orc!
You hit the orc priest.
The orc priest is poisoned.
The orc priest is moderately wounded.
The orc priest mumbles some strange prayers to Beogh against you.
Pain shoots through your body!
The orc priest casts a cantrip, but nothing happens.
You barely miss the orc priest.
The orc priest is moderately wounded.
The orc priest hits you with a +0 short sword.
You hit the orc priest.
The orc priest looks as sick as possible!
Your headbutt misses the orc priest.
The orc priest is heavily wounded.
The orc priest calls down the wrath of Beogh upon you.
Beogh smites you!
* * * LOW HITPOINT WARNING * * *
You closely miss the orc priest. Your headbutt misses the orc priest.
The orc priest is severely wounded.
The orc priest invokes the aid of Beogh against you.
Beogh smites you!
You die...

#...........
##.......... ##.........
###..##......
#.....#......
############.#..........
....).............).....
#.####.#........#).....
#@#.#......#......
#o#....#...###..##
#o####.#...# #.## ..#
#......###.#
#.#<..#.#####..#
#.#####.####..###
#.##............#
#.#....)..<.....#
#.............#


You could see 2 orc priests.

Vanquished Creatures
  A phantom (D:3)
  Crazy Yiuf (D:2)
  A gnoll (D:1)
  3 adders (D:2)
  2 worms (D:2)
  A dart slug (D:2)
  5 orcs (D:3)
  2 bats (D:1)
  5 endoplasms
  6 giant cockroaches (D:1)
  7 goblins
  A hobgoblin (D:1)
  2 jackals (D:1)
  A quokka (D:1)
  7 ball pythons
  3 frilled lizards
  2 kobolds
  4 rats
54 creatures vanquished.

Notes
Turn   | Place    | Note
-------+----------+-------------------------------------------
     0 | D:1      | ytrimaz the Demonspawn Gladiator began the quest for the
                  | Orb.
     0 | D:1      | Reached XP level 1. HP: 16/16 MP: 1/1
   266 | D:1      | Found a faded altar of an unknown god.
   317 | D:1      | Gained mutation: You have a pair of small horns on your
                  | head. [demonic ancestry]
   317 | D:1      | Reached XP level 2. HP: 16/22 MP: 2/2
   895 | D:1      | Reached skill level 1 in Armour
   932 | D:1      | Reached XP level 3. HP: 24/28 MP: 3/3
  1965 | D:2      | Gained mutation: You are partially covered in molten
                  | scales. (AC +2) [demonic ancestry]
  1965 | D:2      | Reached XP level 4. HP: 23/34 MP: 4/4
  2417 | D:2      | Found a runed translucent door.
  2418 | D:2      | Noticed Crazy Yiuf
  2629 | D:2      | HP: 1/34 [Crazy Yiuf (8)]
  2630 | D:2      | Killed Crazy Yiuf
  3235 | D:3      | Noticed a phantom
  3258 | D:3      | Killed a phantom
  3259 | D:3      | Gained mutation: You have a pair of horns on your head.
                  | [demonic ancestry]
  3259 | D:3      | Reached XP level 5. HP: 2/41 MP: 5/5
  3588 | D:3      | Killed from afar by an orc priest

Illustrated notes

Levels and vault maps discovered:
D:1:      dpeg_arrival_water_temple_mockup, layout_basic,
          dreamdust_ecumenical_altar_hidden_monk_grotto
D:2:      layout_loops_ring, minmay_pentomino_u2, uniq_crazy_yiuf_cottage
D:3:      minmay_door_path, layout_rooms, serial_bayou_pond_e, uniq_ijyb

Skill      XL: |  1  2  3  4 |
---------------+-------------+-----
Dodging        | 3 |  3.7
Armour         | 1 2 3 |  3.3
Fighting       | 3 |  3.3
Short Blades   | |  2.6
Throwing       | |  1.7

Action                   |  1- 3 |  4- 6 || total
-------------------------+-------+-------++-------
Melee: Rapier            |    48 |       ||    48
       Whip              |    41 |    65 ||   106
       Headbutt          |    12 |    10 ||    22
 Stab: Sleeping          |     1 |       ||     1
Armor: Leather armour    |    35 |    14 ||    49
Dodge: Dodged            |    80 |    38 ||   118

Table legend: (Time is in decaauts)
 A = Elapsed time spent in this place.
 B = Non-inter-level travel time spent in this place.
 C = Inter-level travel time spent in this place.
 D = Time resting spent in this place.
 E = Time spent auto-exploring this place.
 F = Levels seen in this place.
 G = Mean time per level.
                   A        B        C        D        E       F      G
               +--------+--------+--------+--------+--------+-----+--------+
         Total |   3599 |   3542 |     57 |   1011 |   2024 |   3 | 1199.7 |
       Dungeon |   3599 |   3542 |     57 |   1011 |   2024 |   3 | 1199.7 |
               +--------+--------+--------+--------+--------+-----+--------+

Top non-repeatable levels by time:
     D:1: 1618 daAuts
     D:2: 1568 daAuts
     D:3: 413 daAuts
